 Dungeon Crawl Stone Soup version 0.23.0-3-gf3c87f2 (webtiles) character file.

Game seed: 9748934569453538515

14 Borgoz the Sneak (level 2, 0/22 HPs)
             Began as a Ghoul Enchanter on Feb 24, 2019.
             Slain by an adder (2 damage)
             ... on level 2 of the Dungeon.
             The game lasted 00:01:50 (880 turns).

Borgoz the Sneak (Ghoul Enchanter)                   Turns: 880, Time: 00:01:51

Health: 0/22       AC:  4    Str: 11    XL:     2   Next: 41%
Magic:  3/3        EV: 11    Int: 10    God:
Gold:   63         SH:  0    Dex:  9    Spells: 1/4 levels left

rFire    . . .     SeeInvis .   a - +1 dagger
rCold    + . .     Gourm    .   (no shield)
rNeg     + + +     Faith    .   f - +0 leather armour
rPois    ∞         Spirit   .   c - +0 helmet
rElec    .         Reflect  .   (no cloak)
rCorr    .         Harm     .   (no gloves)
MR       .....                  (no boots)
Stlth    ++........             (no amulet)
HPRegen  0.00/turn              (no ring)
MPRegen  0.08/turn              (no ring)

@: flying, rotting
A: rotting body, claws 1, carnivore, cold resistance 1, negative energy
resistance 3, inhibited regeneration, torment resistance, unbreathing
a: no special abilities


You were on level 2 of the Dungeon.
You were not hungry.

You visited 1 branch of the dungeon, and saw 3 of its levels.

You collected 63 gold pieces.

Inventory:

Hand Weapons
 a - a +1 dagger (weapon)
Armour
 c - a +0 helmet (worn)
 f - a +0 leather armour (worn)
Comestibles
 d - 3 rations


   Skills:
 + Level 0.9 Fighting
 + Level 1.2 Short Blades
 + Level 2.0 Dodging
 - Level 3.2 Stealth
 - Level 1.7 Spellcasting
 + Level 2.6 Hexes


You had one spell level left.
You knew the following spells:

 Your Spells              Type           Power        Failure   Level  Hunger
a - Corona                Hex            #......      14%         1    ##.....
b - Ensorcelled Hibernat  Hex/Ice        #.....       36%         2    ###....

Your spell library contained the following spells:

 Spells                   Type           Power        Failure   Level  Hunger
 Confuse                  Hex            #.......     41%         3    ####...
 Tukima's Dance           Hex            #.......     41%         3    ####...
 Dazzling Spray           Conj/Hex       #.....       58%         3    ####...


Dungeon Overview and Level Annotations

Branches:
Dungeon (3/15)

Altars:
Nemelex Xobeh


Innate Abilities, Weirdness & Mutations

Your body is rotting away.
You thrive on raw meat.
You are immune to poison.
You have sharp fingernails.
You are carnivorous and can eat meat at any time.
Your flesh is cold resistant. (rC+)
You are immune to negative energy. (rN+++)
You do not regenerate when monsters are visible.
You are immune to unholy pain and torment.
You can survive without breathing.


Message History

The adder is moderately wounded.
The adder misses you.
You barely miss the adder.
The adder is moderately wounded.
The adder closely misses you.
You hit the adder.
The adder is heavily wounded.
The adder closely misses you.
You barely miss the adder.
The adder is heavily wounded.
The adder barely misses you.
You closely miss the adder.
The adder is heavily wounded.
The adder bites you.
* * * LOW HITPOINT WARNING * * *
The adder misses you.
You miss the adder.
The adder is heavily wounded.
The adder bites you.
You die...

#.# #.# #.# #.#
#.# #.# #.#
##### #@#
.....##S######
.......gs...<##
..............##
...............#
[>.............#
#.......>......#
#...(..........#
#..............#


You could see a gnoll, an adder and a giant cockroach.

Vanquished Creatures
  A giant cockroach (D:1)
  A hobgoblin (D:1)
  3 kobolds (D:1)
  A ball python (D:1)
  A bat (D:1)
  A frilled lizard (D:1)
  2 goblins (D:1)
  4 rats (D:1)
14 creatures vanquished.

Notes
Turn   | Place    | Note
-------+----------+-------------------------------------------
     0 | D:1      | Borgoz the Ghoul Enchanter began the quest for the Orb.
     0 | D:1      | Reached XP level 1. HP: 14/14 MP: 2/2
   114 | D:1      | Reached skill level 1 in Short Blades
   223 | D:1      | Found a sparkling altar of Nemelex Xobeh.
   298 | D:1      | Reached XP level 2. HP: 22/22 MP: 3/3
   495 | D:1      | Learned a level 2 spell: Ensorcelled Hibernation
   880 | D:2      | Slain by an adder

Skill      XL: |  1  2 |
---------------+-------+-----
Short Blades   | 1 |  1.2
Dodging        | 2 |  2.0
Fighting       | |  0.9
Stealth        | |  3.2
Spellcasting   | |  1.7
Hexes          | |  2.6

Action                   || total
-------------------------++-------
Melee: Dagger            ||    58
  Use: Scroll            ||     1
       Potion            ||     1
 Stab: Sleeping          ||     3
  Eat: Chunk             ||     1
Armor: Robe              ||     3
       Leather armour    ||    14
Dodge: Dodged            ||    32
